 Dungeon Crawl Stone Soup version 0.20.0-15-g7f486f2 (webtiles) character file.

56 renl the Charmwright (level 3, -5/30 HPs)
             Began as a Draconian Skald on June 22, 2017.
             Killed by divine providence
             ... invoked by an orc priest
              (12 damage)
             ... on level 3 of the Dungeon.
             The game lasted 00:05:34 (1683 turns).

renl the Charmwright (Draconian Skald)              Turns: 1683, Time: 00:05:35

Health: -5/30      AC:  6    Str: 13    XL:     3   Next: 69%
Magic:  6/6        EV: 12    Int: 14    God:
Gold:   111        SH:  0    Dex: 10    Spells: 0/6 levels left

rFire    . . .     SeeInvis .   a - +0 mace
rCold    . . .     Gourm    .   (no shield)
rNeg     . . .     Faith    .   (armour unavailable)
rPois    .         Spirit   .   r - +1 hat
rElec    .         Reflect  .   f - scarf {cloud immunity}
rCorr    .         Harm     .   (no gloves)
MR       .....                  (no boots)
Stlth    +.........             (no amulet)
Regen    0.1/turn               (no ring)
MPRegen  0.1/turn               (no ring)

@: slowed, very slow
A: unfitting armour, cold-blooded, AC +5
a: no special abilities


You were on level 3 of the Dungeon.
You were not hungry.

You visited 1 branch of the dungeon, and saw 3 of its levels.

You collected 111 gold pieces.

Inventory:

Hand Weapons
 a - a +0 mace (weapon)
Missiles
 p - 7 tomahawks (quivered)
Armour
 f - a scarf of cloud immunity (worn)
 r - a +1 hat (worn)
Scrolls
 g - 2 scrolls of remove curse {unknown}
 h - a scroll of magic mapping {unknown}
 j - a scroll of fear {unknown}
 o - 2 scrolls of identify {unknown}
 q - a scroll of random uselessness {unknown}
Potions
 d - a potion of curing {unknown}
 e - 2 potions of mutation {unknown}
 i - a potion of brilliance {unknown}
 l - 2 potions of berserk rage {unknown}
 m - a potion of lignification {unknown}
 t - a potion of haste {unknown}
Books
 b - a book of Battle

   Spells                             Type                      Level
   a - Infusion                       Charms                       1
   b - Shroud of Golubria             Charms/Translocation         2
   c - Song of Slaying                Charms                       2
   d - Spectral Weapon                Hexes/Charms                 3
   e - Regeneration                   Charms/Necromancy            3
Comestibles
 c - 4 bread rations
 k - a royal jelly
 n - a meat ration
 s - 10 fruits


   Skills:
 * Level 2.6 Fighting
 * Level 2.6 Maces & Flails
 + Level 2.2 Dodging
 + Level 0.2 Stealth
 + Level 2.1 Spellcasting
 * Level 3.3 Charms
 + Level 0.2 Translocations


You couldn't memorise any spells.
You knew the following spells:

 Your Spells              Type           Power        Failure   Level  Hunger
a - Infusion              Chrm           ##..         6%          1    #......
b - Shroud of Golubria    Chrm/Tloc      #.........   17%         2    ###....
c - Regeneration          Chrm/Necr      #.........   34%         3    ###....


Dungeon Overview and Level Annotations

Branches:
Dungeon (3/15)

Altars:
Cheibriados
Fedhas
Okawaru
Uskayaw
The Shining One

Annotations:
D:3 Grinder, Natasha


Innate Abilities, Weirdness & Mutations

Your plain brown scales are hard. (AC +5)
You cannot fit into any form of body armour.
You are cold-blooded and may be slowed by cold attacks.


Message History

The crimson imp blinks!
Natasha mewls in sadness. 2 orcs and an orc priest come into view.
The orc priest is wielding a hand axe of flaming.
The orc shouts!
A hobgoblin comes into view. It is wielding a club.
The hobgoblin shouts!
An orc priest comes into view. It is wielding a club.
Natasha stares at you and mumbles some strange words.
You feel yourself slow down. The orc hits you but does no damage.
Found a scratched steel ring.
The orc shouts!
Natasha casts a spell at you. The magic dart hits you!
The orc barely misses you.
The orc priest calls down the wrath of Beogh upon you.
Pain shoots through your body!
* * * LOW HITPOINT WARNING * * *
The orc priest calls down the wrath of Beogh upon you.
Beogh smites you!
You die...

#####o#.###
#.........#
#.........#
#.........##
#=...og....#
#..........#
#......oo..#
....o..@.h.#
#..#.#####.# .##
#.## ..# #h.#
#.# ##h## #.#
#..# #.####.###
##.#
..(h.....h## #.#
...h..<##..###.#


You could see 2 orc priests, Natasha, 3 orcs and a hobgoblin.

Vanquished Creatures
  2 adders (D:2)
  A gnoll (D:1)
  3 dart slugs
  A giant cockroach (D:1)
  4 goblins
  3 hobgoblins (D:1)
  A ball python (D:1)
  2 frilled lizards (D:1)
  5 kobolds
  3 rats
25 creatures vanquished.

Notes
Turn   | Place    | Note
-------+----------+-------------------------------------------
     0 | D:1      | renl the Draconian Skald began the quest for the Orb.
     0 | D:1      | Reached XP level 1. HP: 17/17 MP: 3/3
   141 | D:1      | Reached skill level 3 in Charms
   223 | D:1      | Reached XP level 2. HP: 21/25 MP: 0/5
   496 | D:2      | Learned a level 2 spell: Shroud of Golubria
  1033 | D:2      | Reached XP level 3. HP: 19/30 MP: 3/6
  1038 | D:2      | Learned a level 3 spell: Regeneration
  1349 | D:2      | Found a blossoming altar of Fedhas.
  1477 | D:2      | Found a snail-covered altar of Cheibriados.
  1480 | D:2      | Found a hide-covered altar of Uskayaw.
  1484 | D:2      | Found an iron altar of Okawaru.
  1488 | D:2      | Found a glowing golden altar of the Shining One.
  1662 | D:3      | Noticed Natasha
  1663 | D:3      | Noticed Grinder
  1683 | D:3      | Killed from afar by an orc priest

Skill      XL: |  1 |
---------------+----+-----
Charms         | 3 |  3.3
Fighting       | |  2.6
Maces & Flails | |  2.6
Dodging        | |  2.2
Stealth        | |  0.2
Spellcasting   | |  2.1
Translocations | |  0.2

Action                   || total
-------------------------++-------
Melee: Mace              ||    84
       Tailslap          ||     5
 Cast: Infusion          ||     9
       Shroud of Golubri ||     6
  Eat: Chunk             ||     3
Armor: Skin              ||    30
Dodge: Dodged            ||    73
